 Dungeon Crawl Stone Soup version 0.24-a0-615-g751f86b5a9 (webtiles) character file.

Game seed: 10158895627811068921, levelgen mode: deterministic

420 Gynju the Magician (level 6, -8/32 HPs)
             Began as a Deep Elf Fire Elementalist on Sept 13, 2019.
             Was an Initiate of Vehumet.
             Killed from afar by an orc wizard (14 damage)
             ... with a puff of flame
             ... on level 5 of the Dungeon.
             The game lasted 00:04:45 (4628 turns).

Gynju the Magician (Deep Elf Fire Elementalist)     Turns: 4628, Time: 00:04:46

Health: -8/32      AC:  3    Str:  5    XL:     6   Next: 62%
Magic:  9/17       EV: 13    Int: 22    God:    Vehumet [......]
Gold:   244        SH:  0    Dex: 15    Spells: 16/17 levels left

rFire    . . .     SeeInvis .   g - +1 falchion
rCold    . . .     Gourm    .   (no shield)
rNeg     . . .     Faith    .   a - +1 robe
rPois    .         Spirit   .   (no helmet)
rElec    .         Reflect  .   (no cloak)
rCorr    .         Harm     .   (no gloves)
MR       .....                  (no boots)
Stlth    +.........             (no amulet)
HPRegen  0.10/turn              (no ring)
MPRegen  0.15/turn              (no ring)

@: confused
A: no striking features
a: Renounce Religion


You were on level 5 of the Dungeon.
You worshipped Vehumet.
Vehumet was noncommittal.
You were not hungry.

You visited 2 branches of the dungeon, and saw 6 of its levels.

You collected 244 gold pieces.

Inventory:

Hand Weapons
 g - a +1 falchion (weapon)
Armour
 a - a +1 robe (worn)
Wands
 q - a wand of random effects (11)
Scrolls
 i - a scroll of magic mapping {unknown}
 k - a scroll of fear {unknown}
 l - 2 scrolls of teleportation
 n - a scroll of identify {unknown}
 o - a scroll of random uselessness {unknown}
 p - a scroll of remove curse {@r2}
Potions
 b - 2 potions of curing {unknown}
 d - 2 potions of magic {unknown}
 e - a potion of haste {unknown}
 f - a potion of flight {unknown}
 h - 4 potions of might {unknown}
 j - a potion of mutation {unknown}
 m - a potion of agility {unknown}
Comestibles
 c - 7 rations


   Skills:
 - Level 2.4 Dodging
 - Level 2.4 Stealth
 + Level 6.0 Spellcasting
 + Level 4.3 Conjurations
 + Level 5.4 Fire Magic


You had 16 spell levels left.
You knew the following spells:

 Your Spells              Type           Power        Failure   Level  Hunger
a - Flame Tongue          Conj/Fire      ####.        1%          1    None

Your spell library contained the following spells:

 Spells                   Type           Power        Failure   Level  Hunger
 Throw Flame              Conj/Fire      ####..       1%          2    None
 Conjure Flame            Conj/Fire      ####....     3%          3    #......
 Inner Flame              Hex/Fire       ###.....     9%          3    #......
 Sticky Flame             Conj/Fire      ####....     12%         4    ###....
 Fireball                 Conj/Fire      ####......   34%         5    #####..


Dungeon Overview and Level Annotations

Branches:
Dungeon (5/15)             Temple (1/1) D:4

Altars:
Cheibriados
Elyvilon
Fedhas
Hepliaklqana
Kikubaaqudgha
Makhleb
Nemelex Xobeh
Okawaru
Qazlal
Ru
Sif Muna
Trog
Uskayaw
Vehumet
Yredelemnul
Zin
The Shining One

Annotations:
D:3 1 runed translucent door, PeterQ's ghost, amateur TrHu
D:5 Blork the orc


Message History

Casting: Flame Tongue (safe; 1% risk of failure)
Confirm with . or Enter, or press ? or * to list all spells.
Aiming: Flame Tongue (safe; 1% risk of failure)
Press: ? - help, Shift-Dir - straight line, f/p - orc
Aim: an orc, wielding a +0 club (lightly wounded)
The flame tongue hits the orc!
You kill the orc!
Vehumet accepts your kill.
Blork the orc casts a cantrip, but nothing happens.
The orc wizard points at you and mumbles some strange words.
You are confused.
Blork the orc gestures at you while chanting.
The magic dart hits you.
Blork the orc gestures at you while chanting.
The puff of frost hits you!
* * * LOW HITPOINT WARNING * * *
You're too confused to move!
The orc wizard points at you and mumbles some strange words.
The puff of flame hits you!
You die...

o... #### .#...# .
.....####..##.....
##.......##......#
...#............##
...##..........#
#..#.......[..# .
#...........>.#
...#).o.....[....#..
#.....o.@.<.........
#...)).o.............
##./........#####....
#.......)..## ....
#..........# ...
#........### ..
#........#
#..........
##.....##...


You could see Blork the orc, an orc priest and an orc wizard.

Vanquished Creatures
  A phantom (D:4)
  An orc wizard (D:5)
  2 orc priests (D:5)
  A bullfrog skeleton (D:4)
  An iguana (D:4)
  A worker ant (D:4)
  10 adders
  An ooze (D:3)
  A worm (D:2)
  2 dart slugs
  5 leopard geckos
  4 orcs
  5 giant cockroaches
  9 goblins
  8 hobgoblins
  2 jackals (D:3)
  5 kobolds
  A quokka (D:4)
  7 bats
  5 frilled lizards
  2 leopard gecko skeletons (D:4)
  7 rats
81 creatures vanquished.

Notes
Turn   | Place    | Note
-------+----------+-------------------------------------------
     0 | D:1      | Gynju the Deep Elf Fire Elementalist began the quest for
                  | the Orb.
     0 | D:1      | Reached XP level 1. HP: 10/10 MP: 6/6
   249 | D:1      | Reached XP level 2. HP: 3/15 MP: 2/8
  1245 | D:2      | Reached XP level 3. HP: 19/19 MP: 7/10
  1414 | D:2      | Reached skill level 4 in Spellcasting
  1460 | D:2      | Found a faded altar of an unknown god.
  2045 | D:2      | Found an ancient bone altar of Kikubaaqudgha.
  2112 | D:2      | Found a stormy altar of Qazlal.
  2115 | D:2      | Reached XP level 4. HP: 22/24 MP: 9/12
  2493 | D:3      | Found a runed translucent door.
  2537 | D:3      | Noticed PeterQ's ghost (amateur TrHu)
  2556 | D:3      | Found an iron altar of Okawaru.
  2694 | D:3      | Found a sparkling altar of Nemelex Xobeh.
  2824 | D:3      | Found a hazy altar of Hepliaklqana.
  2855 | D:3      | Found a glowing silver altar of Zin.
  3213 | D:4      | Found a staircase to the Ecumenical Temple.
  3222 | Temple   | Entered the Ecumenical Temple
  3258 | Temple   | Became a worshipper of Vehumet
  3310 | D:4      | Reached XP level 5. HP: 24/28 MP: 4/14
  3637 | D:4      | Reached skill level 5 in Spellcasting
  3924 | D:4      | Found a white marble altar of Elyvilon.
  3924 | D:4      | Found a bloodstained altar of Trog.
  3974 | D:4      | Noticed a phantom
  3990 | D:4      | Killed a phantom
  3990 | D:4      | Reached skill level 5 in Fire Magic
  3990 | D:4      | Reached XP level 6. HP: 13/32 MP: 3/16
  4311 | D:5      | Entered Level 5 of the Dungeon
  4312 | D:5      | Noticed Blork the orc
  4621 | D:5      | Reached skill level 6 in Spellcasting
  4628 | D:5      | Killed from afar by an orc wizard

Levels and vault maps discovered:
D:1:      shiori_arrival_maze, layout_loops_ring, minmay_hexomino_p4
D:2:      layout_rooms, old_standard_altar, marbit_many_paths,
          chequers_ecumenical_altar_twisty, chequers_serial_rivers_marsh
D:3:      layout_loops_ring, nemelex_xobeh_ov_fountains_minmay,
          lemuel_coloured_pillars_altar, overflow_temple_1_default, zin_academy,
          first_ration, hellmonk_ghost_happy_afterlife
D:4:      layout_basic, gammafunk_temple_overflow_elements,
          minmay_temple_entry_junction_2
D:5:      layout_cave_pools, nicolae_overflow_hidden_temple,
          lemuel_doored_altar, uniq_blork_the_orc, uniq_crazy_yiuf_cottage
Temple:   jpeg_temple_island

Skill      XL: |  1  2  3  4  5  6 |
---------------+-------------------+-----
Conjurations   | 2 3 4 |  4.3
Spellcasting   | 4 5 6 |  6.0
Fire Magic     | 4 5 |  5.4
Dodging        | |  2.4
Stealth        | |  2.4

Action                   |  1- 3 |  4- 6 || total
-------------------------+-------+-------++-------
Melee: Spear             |     9 |     2 ||    11
 Cast: Flame Tongue      |    76 |   106 ||   182
  Use: Scroll            |       |     4 ||     4
 Stab: Sleeping          |     1 |       ||     1
  Eat: Chunk             |     2 |     9 ||    11
Armor: Robe              |     3 |     5 ||     8
Dodge: Dodged            |    30 |    31 ||    61
       Rpst.: Falchion   |       |     3 ||     3

Table legend:
 A = Non-vault XP
 B = Vault XP
 C = Vault XP percentage of total XP
 D = Non-vault monster count
 E = Vault monster count
 F = Vault count percentage of total count
                 A         B        C        D         E       F
            +---------+---------+-------+---------+---------+-------
      Total |     572 |      29 |   4.8 |      74 |       7 |   8.6
            +---------+---------+-------+---------+---------+-------
        D:1 |      17 |      16 |  48.5 |      12 |       6 |  33.3
        D:2 |      62 |      13 |  17.3 |      22 |       1 |   4.3
        D:3 |      78 |       0 |   0.0 |      20 |       0 |   0.0
        D:4 |     282 |       0 |   0.0 |      14 |       0 |   0.0
        D:5 |     133 |       0 |   0.0 |       6 |       0 |   0.0
            +---------+---------+-------+---------+---------+-------
